Map: Overgrowth LE (Void)

Players

Nemesis

  • Race: Zerg Zerg
  • League: Gold
  • Spawn Location: 7:00

Fropez - Winner!

  • Race: Protoss Protoss
  • League: Gold
  • Spawn Location: 1:00

VOD

Have the link to the VOD?

Description

Time

  • Played on: Dec. 7, 2016, 11:54 a.m.
  • Length: 17:13
Show
View Real Time Build Order
Export as new Build Order

Nemesis Zerg 

Build Orders: 3 Hatch before Pool, Swarm Host 

Get SALT Encoding   

  12  0:01  Drone  
  13  0:10  Drone  
  14  0:18  Overlord  
  14  0:26  Extractor  
  14  0:27  Drone  
  15  0:37  Drone x2  
  17  0:57  Hatchery  
  17  0:58  Drone  
  17  1:06  Extractor  
  16  1:14  Drone  
  17  1:28  Hatchery  
  17  1:30  Evolution Chamber  
  16  1:33  Spawning Pool  
  16  1:35  Drone  
  16  1:38  Drone  
  17  1:43  Drone  
  18  1:52  Drone  
  19  1:59  Drone  
  20  2:18  Hatchery  
  20  2:20  Pneumatized Carapace  
  19  2:29  Queen  
  21  2:42  Zergling x2  
  21  2:43  Zergling x2  
  23  2:49  Drone  
  23  2:50  Overlord  
  24  3:02  Queen  
  26  3:06  Metabolic Boost  
  26  3:10  Queen  
  28  3:29  Drone x2  
  30  3:35  Queen  
  32  3:43  Drone x2  
  32  3:45  Drone x5  
  32  3:46  Drone  
  40  3:53  Drone  
  41  3:58  Drone  
  41  4:00  Extractor  
  41  4:01  Drone  
  41  4:02  Overlord  
  42  4:20  Overlord  
  42  4:29  Zergling x4  
  42  4:30  Zergling x2  
  45  4:32  Drone x2  
  46  4:42  Zergling x2  
  47  4:48  Extractor  
  47  4:52  Drone x3  
  49  4:53  Drone  
  49  4:54  Extractor  
  48  5:14  Lair, Drone x2  
  48  5:15  Drone x4  
  48  5:17  Drone x3  
  48  5:18  Overlord  
  48  5:19  Overlord  
  48  5:21  Overlord  
  57  5:22  Overlord  
  57  5:38  Overlord  
  57  5:41  Extractor, Drone x5  
  57  5:42  Drone x4  
  65  5:43  Extractor  
  65  5:47  Evolution Chamber  
  65  5:49  Drone  
  64  5:50  Evolution Chamber, Roach Warren  
  62  6:02  Drone x3  
  65  6:15  Zerg Ground Armor Level 1  
  65  6:16  Zerg Missile Weapons Level 1  
  64  6:40  Drone x3  
  64  6:41  Drone x3  
  64  6:42  Drone x3  
  64  6:43  Drone  
  64  6:44  Drone  
  64  6:47  Infestation Pit, Drone  
  75  6:48  Glial Reconstitution  
  73  7:12  Overlord x3  
  73  7:18  Overlord  
  73  7:19  Drone x4  
  73  7:20  Overlord  
  76  7:27  Overlord  
  76  7:32  Swarm Host x6  
  76  7:33  Swarm Host  
  76  7:35  Swarm Host  
  100  7:43  Burrow  
  100  7:44  Pathogen Glands  
  100  7:45  Hatchery  
  100  7:46  Roach x2  
  100  7:47  Roach x3  
  100  7:51  Roach x4  
  117  7:54  Roach  
  117  7:55  Zergling x2  
  120  8:01  Zergling x8  
  120  8:02  Zergling x2  
  125  8:11  Swarm Host x2  
  125  8:12  Swarm Host  
  134  8:13  Swarm Host  
  137  8:21  Zerg Ground Armor Level 2, Zerg Missile Weapons Level 2  
  137  8:23  Zergling x6  
  137  8:24  Zergling x8  
  137  8:25  Overlord  
  144  8:29  Overlord  
  144  9:21  Hive  
  144  9:44  Drone  
  144  9:45  Drone x5  
  149  9:46  Drone x2  
  152  9:55  Drone x4  
  152  9:56  Drone x2  
  158  10:02  Overlord  
  158  10:03  Overlord x2  
  158  10:04  Overlord x2  
  158  10:05  Roach  
  160  10:07  Overseer  
  160  10:19  Extractor  
  160  10:20  Spine Crawler, Spore Crawler  
  160  10:21  Spine Crawler  
  156  10:23  Extractor  
  156  10:24  Spore Crawler  
  154  10:37  Roach  
  154  10:38  Zerg Melee Weapons Level 1  
  154  10:41  Zerg Ground Armor Level 3  
  156  10:45  Overlord, Drone x2, Hydralisk Den  
  156  10:46  Hydralisk Den  
  156  11:40  Hydralisk  
  156  11:41  Hydralisk x13  
  156  11:44  Grooved Spines  
  156  11:45  Hydralisk, Muscular Augments  
  156  11:46  Hydralisk  
  188  12:11  Spine Crawler, Spore Crawler  
  186  12:24  Spine Crawler  
  186  12:29  Infestor  
  185  12:30  Infestor x6  
  185  12:32  Zerg Missile Weapons Level 3  
  198  12:38  Infestor  
  200  12:53  Overlord  
  193  13:46  Zerg Melee Weapons Level 2  
  193  13:49  Overlord x2  
  193  13:50  Overlord x2  
  193  14:13  Overlord  
  193  14:17  Spire  
  193  14:18  Spire  
  193  14:19  Drone x2  
  193  14:20  Drone  
  193  14:22  Zergling x2  
  193  14:23  Zergling x10  
  200  14:35  Hatchery  
  197  15:03  Zergling x6  
  197  15:06  Adrenal Glands  
  200  15:11  Neural Parasite  
  199  15:15  Zergling x2  
  192  15:49  Roach x3  
  194  16:29  Roach x2  
  194  16:30  Roach x2  
  194  16:31  Roach  
  198  16:38  Overseer x2  
  198  17:06  Extractor  
  197  17:08  Extractor  
Show
View Real Time Build Order
Export as new Build Order

Fropez Protoss - Winner!

Build Orders:  

Get SALT Encoding   

  12  0:01  Probe (Chrono Boost)  
  13  0:17  Pylon  
  13  0:19  Probe (Chrono Boost)  
  14  0:32  Probe (Chrono Boost)  
  15  0:36  Gateway  
  15  0:42  Probe (Chrono Boost)  
  16  0:52  Assimilator  
  16  0:53  Probe (Chrono Boost)  
  16  0:55  Assimilator  
  17  1:27  Pylon  
  17  1:43  Zealot (Chrono Boost)  
  19  1:49  Gateway  
  19  1:53  Cybernetics Core  
  19  2:00  Probe  
  20  2:12  Forge, Probe  
  21  2:18  Assimilator  
  21  2:24  Probe  
  21  2:25  Zealot (Chrono Boost)  
  24  2:32  Assimilator  
  24  2:36  Probe  
  24  2:38  Nexus  
  23  2:48  Probe  
  24  3:00  Probe  
  25  3:08  Warp Gate (Chrono Boost)  
  25  3:12  Probe  
  26  3:21  Photon Cannon  
  26  3:23  Pylon  
  26  3:28  Probe, Protoss Ground Weapons Level 1 (Chrono Boost)  
  26  3:30  Pylon  
  27  3:37  Adept (Chrono Boost)  
  31  3:42  Probe  
  32  3:49  Mothership Core  
  32  3:54  Probe  
  32  3:55  Assimilator  
  35  4:00  Stalker (Chrono Boost)  
  35  4:07  Probe  
  36  4:10  Pylon, Probe  
  37  4:19  Probe  
  37  4:22  Probe  
  39  4:26  Pylon  
  39  4:31  Probe  
  40  4:52  Assimilator  
  38  5:02  Gateway  
  38  5:10  Probe x2  
  38  5:13  Gateway  
  40  5:15  Photon Cannon  
  40  5:22  Probe  
  40  5:26  Twilight Council  
  41  5:30  Probe  
  42  5:38  Protoss Ground Armor Level 1  
  42  5:52  Adept  
  44  6:16  Nexus  
  44  6:20  Pylon  
  43  6:29  Adept x2  
  47  6:52  Gateway  
  47  6:53  Photon Cannon  
  45  6:54  Zealot  
  45  6:55  Gateway, Zealot x2  
  45  6:59  Pylon  
  49  7:10  Stalker  
  51  7:16  Blink (Chrono Boost)  
  51  7:19  Probe  
  52  7:25  Probe  
  53  7:33  Gateway  
  53  7:34  Photon Cannon  
  53  7:36  Assimilator  
  53  7:41  Assimilator  
  53  7:45  Probe  
  53  7:46  Probe x2  
  53  7:49  Gateway  
  53  7:51  Photon Cannon  
  56  7:55  Stalker  
  58  8:07  Pylon  
  58  8:09  Stalker  
  61  8:12  Probe  
  61  8:13  Probe  
  62  8:26  Probe  
  63  8:28  Stalker  
  63  8:29  Stalker  
  63  8:31  Probe  
  68  8:45  Templar Archives  
  68  8:46  Probe  
  68  8:47  Probe x2  
  71  9:00  Stalker x3  
  76  9:26  High Templar x7  
  77  9:38  Archon x2  
  77  9:54  Probe x2  
  77  9:56  Probe  
  80  10:20  Pylon  
  80  10:22  Assimilator  
  80  10:26  High Templar x5  
  80  10:27  High Templar x2  
  93  10:30  Archon x3  
  93  10:40  Probe  
  93  10:41  Nexus, Probe  
  95  10:50  Probe  
  95  10:53  Probe  
  97  11:00  High Templar  
  97  11:01  High Templar  
  101  11:06  Archon  
  101  11:16  Probe  
  102  11:31  Pylon  
  102  11:32  Pylon  
  102  11:35  Pylon  
  102  11:47  Twilight Council  
  102  11:49  Pylon, Probe x2  
  102  11:51  Pylon  
  104  11:59  Probe x2, Zealot x2  
  104  12:00  Zealot x2  
  104  12:01  Zealot x3  
  120  12:29  Charge (Chrono Boost), Gateway  
  120  12:33  Pylon  
  116  12:43  Templar Archives  
  116  12:44  Stalker x4  
  124  12:57  Pylon  
  124  13:07  Probe  
  124  13:08  Probe  
  124  13:09  Pylon, Probe  
  127  13:19  Zealot x6  
  138  13:20  Zealot  
  138  13:41  Pylon  
  138  13:44  Pylon  
  138  13:55  Nexus  
  138  14:29  Forge  
  138  14:30  Dark Shrine  
  138  14:32  Pylon  
  138  14:35  Assimilator  
  132  14:40  Assimilator  
  132  14:41  Pylon  
  119  15:00  Robotics Facility  
  119  15:18  High Templar  
  119  15:19  High Templar x4  
  129  15:25  Archon x2  
  129  15:26  Gateway  
  129  15:29  Photon Cannon  
  129  15:32  Gateway, Photon Cannon  
  129  15:34  Pylon  
  95  15:54  High Templar x4  
  103  15:58  Archon x2  
  103  16:02  Archon  
  103  16:13  Nexus  
  98  16:58  Pylon  
  98  17:02  Pylon  
Tags
 
Composition
Swarm Host
League
GoldGold
Matchup
PvZ
Replay Pack
All Mines
Spawn Locations
Cross Positions
Add a new tag
Caveats
  • Supply blocks, unpowered buildings, or Contaminate may cause inaccurate times.
  • Supply counts are checked every 10 seconds.